AoeStats
← dix.

Oasis

509705677Analyzed
3v3 RM · 3d ago on Sep 27, 2026· 66m 35s· 6 players
Game mode
Random Map
Map size
Normal (6 player)
Population
200
Speed
Normal
Resources
Standard
Victory
Conquest
Starting age
Dark Age
Ending age
Imperial Age
RankedLock teamsTeams togetherTeam positionsShared explorationLock speedFull tech treeHidden civsTurbo modeCheats
Victory
Defeat
🇫🇷 Celts · France
897
+14
🇦🇺 Byzantines · Australia
883
+14
🇹🇷 Gurjaras · Türkiye
852
+16
🇷🇺 Mongols · Russia
918
-18
🇰🇿 Berbers · Kazakhstan
854
-15
🇷🇺 Japanese · Russia
765
-11
Kalsou
0:30 Loom
15:40 Feudal Age
16:40 Gold Mining
17:27 Wheelbarrow
16:45 Stone Mining
16:43 Double-Bit Axe
16:40 Horse Collar
17:28 Town Watch
19:45 Fletching
23:51 Castle Age
23:31 Forging
23:49 Scale Barding Armor
26:41 Light Cavalry
27:22 Husbandry
28:28 Hand Cart
31:16 Gold Shaft Mining
31:28 Stone Shaft Mining
31:06 Bow Saw
31:03 Heavy Plow
32:42 Town Patrol
33:57 Bodkin Arrow
37:01 Ballistics
36:52 Fortified Wall
36:41 Murder Holes
36:57 Masonry
39:47 Imperial Age
38:26 Stronghold
40:08 Heavy Scorpion
41:51 Chemistry
40:36 Arrowslits
40:57 Siege Engineers
41:20 Conscription
41:11 Furor Celtica
50:02 Hussar
51:20 Iron Casting
51:06 Chain Barding Armor
50:47 Scale Mail Armor
51:11 Onager
53:09 Blast Furnace
52:44 Gambesons
52:20 Pikeman
52:45 Arson
55:16 Guilds
55:36 Coinage
55:08 Caravan
54:33 Halberdier
55:30 Chain Mail Armor
57:03 Capped Ram
PycHOPTER
12:46 Feudal Age
14:30 Double-Bit Axe
19:20 Castle Age
17:30 Gold Mining
27:39 Ballistics
28:50 Bow Saw
33:50 Imperial Age
31:15 Man-at-Arms
32:34 Wheelbarrow
31:47 Loom
34:20 Kshatriyas
35:08 Conscription
34:34 Long Swordsman
35:31 Elite Skirmisher
37:49 Chemistry
36:55 Padded Archer Armor
36:45 Fletching
36:51 Two-Handed Swordsman
41:52 Light Cavalry
42:42 Bloodlines
47:02 Leather Archer Armor
46:43 Bodkin Arrow
46:44 Heated Shot
48:44 Hand Cart
54:32 Hussar
64:29 Bracer
64:40 Forging
64:30 Scale Mail Armor
64:35 Scale Barding Armor
Pukinskis
2:42 Loom
11:18 Feudal Age
13:18 Double-Bit Axe
20:20 Horse Collar
24:25 Castle Age
22:53 Stone Mining
23:38 Forging
25:36 Bow Saw
25:38 Heavy Plow
25:32 Gold Mining
25:07 Pikeman
28:53 Wheelbarrow
29:19 Squires
36:28 Imperial Age
34:21 Fletching
38:12 Two-Man Saw
37:54 Conscription
38:08 Bodkin Arrow
38:06 Halberdier
38:10 Elite Varangian Guard
39:34 Hand Cart
40:35 Iron Casting
40:01 Man-at-Arms
42:28 Caravan
42:16 Elite Skirmisher
43:39 Bracer
43:40 Padded Archer Armor
43:41 Scale Mail Armor
47:33 Coinage
47:14 Guilds
48:10 Ballistics
48:07 Fortified Wall
47:54 Murder Holes
55:34 Chain Mail Armor
55:35 Leather Archer Armor
64:19 Chemistry
pohuito ergo sum
0:41 Loom
10:33 Feudal Age
11:02 Double-Bit Axe
18:09 Castle Age
18:09 Horse Collar
19:37 Bow Saw
20:12 Fletching
22:33 Wheelbarrow
22:45 Thumb Ring
23:35 Husbandry
23:49 Bloodlines
24:37 Bodkin Arrow
25:38 Ballistics
26:05 Padded Archer Armor
28:18 Leather Archer Armor
29:20 Hand Cart
32:38 Imperial Age
30:22 Gold Mining
33:13 Gold Shaft Mining
33:51 Conscription
34:25 Bracer
35:29 Chemistry
34:35 Siege Engineers
34:35 Town Watch
38:09 Town Patrol
37:59 Elite Mangudai
38:31 Onager
39:54 Parthian Tactics
42:49 Nomads
43:13 Drill
43:47 Siege Onager
dix.
3:31 Loom
11:10 Feudal Age
11:43 Double-Bit Axe
13:28 Wheelbarrow
18:35 Scale Mail Armor
18:45 Forging
22:49 Castle Age
24:17 Chain Mail Armor
24:38 Iron Casting
24:40 Hand Cart
26:56 Bow Saw
27:48 Gold Mining
32:55 Imperial Age
33:53 Elite Samurai
36:22 Gold Shaft Mining
35:38 Stone Mining
37:02 Plate Mail Armor
37:33 Blast Furnace
50:30 Onager
57:38 Chemistry
Divine_Fury
7:54 Loom
11:11 Feudal Age
13:54 Horse Collar
14:04 Double-Bit Axe
20:09 Forging
20:04 Scale Barding Armor
21:11 Fletching
21:21 Padded Archer Armor
21:35 Bloodlines
24:05 Castle Age
23:21 Wheelbarrow
28:10 Husbandry
30:04 Bodkin Arrow
30:09 Padded Archer Armor
37:21 Leather Archer Armor
37:51 Stone Mining
37:57 Gold Mining
42:53 Imperial Age
40:42 Hand Cart
40:15 Town Watch
41:22 Town Patrol
42:06 Kasbah
43:47 Ballistics
43:08 Treadmill Crane
43:41 Masonry
44:41 Chemistry
43:49 Siege Engineers
43:24 Treadmill Crane
43:55 Masonry
44:21 Conscription
43:47 Elite Camel Archer
48:16 Murder Holes
51:12 Elite Genitour
51:59 Thumb Ring
Connection lost

Rejoining the realm…

Still unreachable

The connection could not be restored.

Session expired

The server has moved on; the page needs a fresh start.